 Dungeon Crawl Stone Soup version 0.28-a0-987-g8383568036 (webtiles) character file.

Game seed: 1012266224015731497

10455 Htamos the Geomancer (level 11, -1/109 HPs)
             Began as a Troll Earth Elementalist on Dec 4, 2021.
             Was a Believer of the Shining One.
             Slain by a cane toad (11 damage)
             ... on level 1 of the Lair of Beasts.
             The game lasted 00:33:01 (9250 turns).

Htamos the Geomancer (Troll Earth Elementalist)     Turns: 9250, Time: 00:33:02

Health: -1/109     AC:  4    Str: 18    XL:     11   Next: 36%
Magic:  11/11      EV: 11    Int: 11    God:    the Shining One [**....]
Gold:   609        SH:  0    Dex: 14    Spells: 6/12 levels left

rFire   . . .      SeeInvis +     - Unarmed
rCold   . . .      Faith    +   (no shield)
rNeg    + . .      Spirit   .   b - +0 robe
rPois   +          Reflect  .   (helmet restricted)
rElec   .          Harm     .   (no cloak)
rCorr   .          Rampage  .   (gloves unavailable)
Will    .....                   (boots unavailable)
Stlth   +.........              a - amulet of faith
HPRegen 1.08/turn               k - ring of poison resistance
MPRegen 0.12/turn               n - ring of see invisible

@: glowing
A: large, unfitting armour, claws 3, regeneration 1, shaggy fur 1, tough skin 1
a: Renounce Religion, Divine Shield


You were on level 1 of the Lair of Beasts.
You worshipped the Shining One.
The Shining One was pleased with you.
You visited 3 branches of the dungeon, and saw 13 of its levels.

You collected 609 gold pieces.

Inventory:

Hand Weapons
 g - a +1 war axe of flaming
 o - a +1 short sword of distortion {!w}
Missiles
 c - 324 stones
 j - 5 atropa-tipped darts
 q - 6 curare-tipped darts
Armour
 b - a +0 robe (worn)
Jewellery
 a - an amulet of faith (around neck)
 k - a ring of poison resistance (left claw)
 n - a ring of see invisible (right claw)
Wands
 s - a wand of polymorph (1)
Scrolls
 d - 5 scrolls of identify {@rr}
 f - a scroll of noise {unknown}
 i - 2 scrolls of teleportation
 m - 2 scrolls of enchant armour
 p - a scroll of fog
 t - 3 scrolls of blinking
Potions
 e - a potion of invisibility {unknown}
 h - 2 potions of brilliance
 r - a potion of haste
Miscellaneous
 l - a lightning rod (4/4)
 u - a tin of tremorstones (2/2)


   Skills:
 * Level 7.1 Fighting
 - Level 4.5 Dodging
 - Level 1.0 Stealth
 - Level 8.6 Unarmed Combat
 - Level 1.2 Spellcasting
 - Level 5.0 Conjurations
 - Level 0.6 Transmutations
 - Level 10.0 Earth Magic


You had 6 spell levels left.
You knew the following spells:

 Your Spells              Type           Power      Damage    Failure   Level
a - Sandblast             Erth           44%        2d11      1%          1
b - Passwall              Tmut/Erth      10%        N/A       5%          2
c - Stone Arrow           Conj/Erth      34%        3d9       4%          3

Your spell library contained the following spells:

 Spells                   Type           Power      Damage    Failure   Level
 Petrify                  Tmut/Erth      12%        N/A       34%         4
 Leda's Liquefaction      Hex/Erth       5%         N/A       38%         4
 Call Canine Familiar     Summ           0%         N/A       67%         3
 Inner Flame              Hex/Fire       0%         N/A       67%         3
 Portal Projectile        Hex/Tloc       0%         N/A       67%         3
 Cause Fear               Hex            0%         N/A       97%         4
 Summon Lightning Spire   Summ/Air       0%         N/A       97%         4
 Storm Form               Tmut/Air       0%         N/A       100%        7
 Discord                  Hex            0%         N/A       100%        8
 Maxwell's Capacitive Co  Air            0%         ∞         100%        8


Dungeon Overview and Level Annotations

Branches:
Dungeon (10/15)              Lair (2/6) D:9             Orc (2/2) D:10
 Temple: D:4-7        Swamp: Lair:2-4    Shoals: Lair:2-4     Snake: Lair:2-4
 Spider: Lair:2-4       Elf: Orc:2

Altars:
Kikubaaqudgha
Makhleb
Ru
Trog
Yredelemnul
The Shining One

Shops:
D:10 (

Annotations:
D:3 Robin


Innate Abilities, Weirdness & Mutations

You are too large for most types of armour.
You have claws for hands.
Your natural rate of healing is unusually fast.
You are covered in fur. (AC +1)
You have tough skin. (AC +1)


Message History

The cane toad misses you. The wolf bites you! The wolf barely misses you.
You barely miss the wolf. The wolf closely misses you.
You claw the wolf!
The wolf is severely wounded.
The wolf closely misses you. The wolf bites you but does no damage.
You claw the wolf!
You kill the wolf!
You scratch the cane toad but do no damage.
The cane toad misses you.
You scratch the cane toad but do no damage.
The cane toad stings you!!
* * * LOW HITPOINT WARNING * * *
You scratch the cane toad but do no damage.
The cane toad stings you.
* * * LOW HITPOINT WARNING * * *
You scratch the cane toad.
The cane toad is lightly wounded.
The cane toad misses you.
You claw the cane toad!
The cane toad is moderately wounded.
The cane toad misses you.
You scratch the cane toad but do no damage.
The cane toad is moderately wounded.
The cane toad closely misses you.
You claw the cane toad!
The cane toad is severely wounded.
The cane toad misses you.
You scratch the cane toad but do no damage.
The cane toad is severely wounded.
The cane toad stings you!
* * * LOW HITPOINT WARNING * * *
You barely miss the cane toad.
The cane toad is severely wounded.
The cane toad stings you!!
* * * LOW HITPOINT WARNING * * *
You scratch the cane toad but do no damage.
The cane toad is severely wounded.
The cane toad stings you!
You die...

...######...#...####.#..##.#
#.######....[....##.....##.###
#................#......##...#
...##........#...##.....####.#
...#.........#..P##.#.....##.##
..............................#
......####P#...P##........#####
####...#####.>(##....#....##
#.†.P# ###.F@.##..#.##.# #...##
###......#.#### ##...#
#........# #...# #........#
#[..## ####.....# #.##.#
#.....# ###### #...(## #..###
#.##


You could see a cane toad.

Vanquished Creatures
  2 hydras (Lair:1)
  2 two-headed ogres
  Sonja (D:10)
  An orc knight (D:10)
  2 cane toads
  A hornet (D:10)
  4 blink frogs (D:9)
  A wraith (D:10)
  8 yaks
  Eustachio (D:6)
  A steam dragon (D:9)
  2 wargs
  2 acid dragons
  4 water moccasins
  An ice beast (D:7)
  6 orc warriors
  3 sky beasts
  A necrophage (D:6)
  A wolf (Lair:1)
  5 ogres
  3 centaurs
  A phantom (D:7)
  4 kobold brigands
  3 bullfrogs
  A scorpion (D:6)
  3 wights
  3 hounds
  4 orc priests
  9 orc wizards
  A killer bee zombie (D:7)
  A howler monkey zombie (D:9)
  An adder (D:2)
  A dart slug (D:1)
  38 orcs
  4 ball pythons
  7 bats
  2 endoplasms (D:2)
  A giant cockroach (D:2)
  12 goblins
  6 hobgoblins
  24 kobolds
  3 quokkas
  2 frilled lizards
  3 rats
186 creatures vanquished.

Vanquished Creatures (others)
  A plant (Lair:1)
1 creature vanquished.

Grand Total: 187 creatures vanquished

Notes
Turn   | Place    | Note
-------+----------+-------------------------------------------
     0 | D:1      | Htamos the Troll Earth Elementalist began the quest for the
                  | Orb.
     0 | D:1      | Reached XP level 1. HP: 16/16 MP: 1/1
   111 | D:1      | Reached skill level 1 in Unarmed Combat
   124 | D:1      | Reached skill level 3 in Earth Magic
   124 | D:1      | Reached XP level 2. HP: 24/24 MP: 2/2
   388 | D:1      | Found a faded altar of an unknown god.
   821 | D:2      | Reached XP level 3. HP: 30/31 MP: 3/3
   855 | D:2      | Found an ancient bone altar of Kikubaaqudgha.
  1174 | D:3      | Noticed Robin
  1207 | D:3      | You fall into a shaft and drop 3 floors!
  1217 | D:6      | Reached skill level 4 in Earth Magic
  1217 | D:6      | Reached XP level 4. HP: 34/39 MP: 4/4
  1234 | D:6      | Found a glowing golden altar of the Shining One.
  1236 | D:6      | Noticed an angel
  1246 | D:6      | Found a basalt altar of Yredelemnul.
  1255 | D:6      | Became a worshipper of the Shining One
  1265 | D:6      | Noticed a profane servitor
  1282 | D:6      | Noticed a kobold brigand
  1309 | D:6      | Killed a kobold brigand
  1310 | D:6      | Reached XP level 5. HP: 8/49 MP: 5/5
  1433 | D:6      | Noticed a sky beast
  1435 | D:6      | Identified a scroll of acquirement
  1436 | D:6      | Acquired an amulet of faith
  1472 | D:6      | Killed a sky beast
  1484 | D:6      | Noticed a yak
  1542 | D:6      | Killed a yak
  1543 | D:6      | Reached XP level 6. HP: 39/62 MP: 6/6
  1571 | D:6      | Noticed a yak
  1583 | D:6      | Noticed a yak
  1584 | D:6      | Noticed a yak
  1601 | D:5      | Entered Level 5 of the Dungeon
  1681 | D:6      | Killed a yak
  1682 | D:6      | Reached skill level 5 in Fighting
  1682 | D:6      | Reached XP level 7. HP: 54/72 MP: 7/7
  1759 | D:6      | Killed a yak
  1768 | D:6      | Killed a yak
  1920 | D:6      | Noticed Eustachio
  1939 | D:6      | Killed Eustachio
  1940 | D:6      | Reached skill level 5 in Earth Magic
  1940 | D:6      | Reached XP level 8. HP: 67/83 MP: 8/8
  1944 | D:6      | Learned a level 2 spell: Passwall
  1948 | D:6      | Learned a level 3 spell: Stone Arrow
  2122 | D:6      | Found a burning altar of Makhleb.
  2195 | D:6      | Reached skill level 6 in Earth Magic
  2363 | D:7      | Found a sacrificial altar of Ru.
  2430 | D:7      | Reached skill level 7 in Earth Magic
  2494 | D:7      | Reached * piety under the Shining One
  2631 | D:7      | Found a bloodstained altar of Trog.
  2836 | D:7      | Reached skill level 8 in Earth Magic
  3127 | D:7      | Reached XP level 9. HP: 71/79 MP: 9/9
  3430 | D:8      | Noticed a two-headed ogre
  4097 | D:9      | Reached skill level 9 in Earth Magic
  4134 | D:9      | Noticed a two-headed ogre
  4259 | D:9      | Found a staircase to the Lair.
  4839 | D:8      | Reached skill level 10 in Earth Magic
  5005 | D:9      | Killed a two-headed ogre
  5313 | D:10     | Entered Level 10 of the Dungeon
  5313 | D:10     | Noticed Sonja
  5321 | D:10     | Killed Sonja
  5322 | D:10     | Reached XP level 10. HP: 87/98 MP: 10/10
  5370 | D:10     | Found Mucimm's Weapon Shoppe.
  5380 | D:10     | Noticed an orc knight
  5382 | D:10     | Found a staircase to the Orcish Mines.
  5539 | D:9      | Reached skill level 5 in Unarmed Combat
  5683 | D:10     | Killed an orc knight
  6215 | D:10     | Noticed a fire giant
  6288 | Orc:1    | Entered Level 1 of the Orcish Mines
  6291 | Orc:1    | Reached ** piety under the Shining One
  6643 | Orc:2    | Entered Level 2 of the Orcish Mines
  6733 | Orc:2    | Noticed a two-headed ogre
  6840 | Orc:1    | Killed a two-headed ogre
  6841 | Orc:1    | Reached skill level 5 in Conjurations
  7065 | Orc:2    | Noticed an orc knight
  7237 | Lair:1   | Entered Level 1 of the Lair of Beasts
  7277 | Lair:1   | Noticed a cane toad
  7512 | D:8      | Reached XP level 11. HP: 103/105 MP: 11/11
  7899 | Lair:1   | Noticed an eight-headed hydra
  8403 | Lair:1   | Killed a one-headed hydra
  8532 | Lair:1   | Noticed a seven-headed hydra
  8797 | Lair:1   | Killed a one-headed hydra
  9250 | Lair:1   | Slain by a cane toad

Illustrated notes

Levels and vault maps discovered:
D:1:      ebering_trefoil_3fold, layout_loops_ring,
          shapermc_ecumenical_altar_mp_urbaneastern
D:2:      layout_rooms, basic_altar, patterned_corridor
D:3:      layout_basic, jmf_multi_god_temple2, uniq_robin
D:5:      layout_loops_ring, uniq_grinder
D:6:      layout_rooms, grunt_temple_overflow_holy_war,
          makhleb_heckhound_becter, hangedman_decor_opposing, uniq_eustachio
D:7:      layout_rooms, nicolae_overflow_crystal_walls,
          mainiacjoe_overflow_alcove_2, palyth_stone_intersect
D:8:      layout_gridville, enter_bailey_3
D:9:      layout_gridville, lair_entry_dummy
D:10:     layout_stronghold, orc_david_3, serial_shops, nicolae_square_shop,
          hex_tiny, minmay_the_grid_2x2 [minmay_the_grid_holed_spiral,
          minmay_the_grid_doors, minmay_the_grid_eight,
          minmay_the_grid_prize_shrinking_boxes], uniq_sonja
Lair:1:   layout_misc_corridors
Lair:2:   layout_chaotic_city, elwin_shoals_entry_rocks,
          hangedman_lair_unloving_vines, serial_bayou_shore_a,
          grunt_megastairs_5
Orc:1:    layout_caves, nicolae_orc_sculptors_studio, okawaru_metal_pillars_1_2
Orc:2:    pubby_orc_utopia, serial_shops

Skill      XL: |  1  2  3  4  5  6  7  8  9 10 11 |
---------------+----------------------------------+-----
Unarmed Combat | 1 2 4 8 |  8.6
Earth Magic    | 3 4 5 8 10 | 10.0
Fighting       | 2 4 5 6 7 |  7.1
Conjurations   | 3 5 |  5.0
Dodging        | 3 4 |  4.5
Stealth        | |  1.0
Spellcasting   | |  1.2
Transmutations | |  0.6

Action                   |  1- 3 |  4- 6 |  7- 9 | 10-12 || total
-------------------------+-------+-------+-------+-------++-------
Melee: Unarmed           |   121 |    73 |   348 |   234 ||   776
       Punch             |       |       |     2 |     2 ||     4
       War axe           |       |       |       |    25 ||    25
Invok: Divine Shield     |       |       |     2 |     2 ||     4
Evoke: Wand              |       |       |    15 |     5 ||    20
       Lightning rod     |       |       |     1 |     1 ||     2
  Use: Potion            |       |     3 |     3 |     3 ||     9
       Scroll            |       |     2 |     7 |     4 ||    13
 Stab: Sleeping          |     2 |       |       |       ||     2
Armor: Robe              |    38 |    17 |    90 |    67 ||   212
       Skin              |       |       |     8 |     5 ||    13
Dodge: Dodged            |    81 |    22 |   175 |   205 ||   483
Block: Other             |       |       |     1 |     6 ||     7

Table legend: (Time is in decaauts)
 A = Elapsed time spent in this place.
 B = Non-inter-level travel time spent in this place.
 C = Inter-level travel time spent in this place.
 D = Time resting spent in this place.
 E = Time spent auto-exploring this place.
 F = Levels seen in this place.
 G = Mean time per level.
                   A        B        C        D        E       F      G
               +--------+--------+--------+--------+--------+-----+--------+
         Total |   9278 |   8817 |    461 |   1073 |   3824 |  13 |  713.7 |
       Dungeon |   7051 |   6626 |    425 |    964 |   3052 |   9 |  783.4 |
          Lair |   1436 |   1424 |     12 |      0 |    559 |   2 |  718.0 |
  Orcish Mines |    790 |    768 |     22 |    109 |    213 |   2 |  395.0 |
               +--------+--------+--------+--------+--------+-----+--------+

Top non-repeatable levels by time:
     D:9: 1722 daAuts
  Lair:1: 1413 daAuts
     D:6: 1160 daAuts
     D:8: 1012 daAuts
     D:7: 981 daAuts
    D:10: 965 daAuts
     D:2: 619 daAuts
   Orc:1: 589 daAuts
     D:1: 546 daAuts
   Orc:2: 201 daAuts
     D:3: 42 daAuts
  Lair:2: 23 daAuts
     D:5: 1 daAuts
